2255 views
Uploaded 2021-10-06 13:01:57
Game version 1.32.10
22:55 long 3on3 ladder game on (6)StranglethornVale
Saved by xzz
2255 views
Uploaded 2021-10-06 13:01:57
Game version 1.32.10
22:55 long 3on3 ladder game on (6)StranglethornVale


92 units @ 12.9k
/ 1.4k
42 buildings @ 5.2k
/ 2.1k


| Scroll of Regeneration | 3 | 300 |
| Potion of Lesser Invulnerability | 1 | 150 |
| Boots of Speed | 1 | 250 |
| total: | 5 | 700g |
| Peasant | 14 | 1050 | / | 0 |
| Rifleman | 11 | 2255 | / | 330 |
| total: | 25 | 3305g | / | 330w |
| Scout Tower | 2 | 60 | / | 40 |
| Guard Tower | 2 | 140 | / | 100 |
| Altar of Kings | 1 | 180 | / | 50 |
| Farm | 7 | 560 | / | 140 |
| Barracks | 1 | 160 | / | 60 |
| Blacksmith | 2 | 280 | / | 120 |
| Lumber Mill | 1 | 120 | / | 0 |
| Arcane Vault | 2 | 260 | / | 60 |
| Keep | 1 | 320 | / | 210 |
| Castle | 1 | 360 | / | 210 |
| total: | 16 | 1620g | / | 470w |
| 0:14 | Altar of Kings |
| 0:17 | Peasant |
| 0:17 | Peasant |
| 0:18 | Peasant |
| 0:37 | Farm |
| 0:39 | Peasant |
| 0:51 | Peasant |
| 1:14 | Barracks |
| 1:26 | Farm |
| 1:31 | Peasant |
| 1:46 | Blacksmith |
| 1:52 | Blacksmith |
| 2:09 | Peasant |
| 2:11 | Peasant |
| 2:42 | Summon Water Elemental |
| 3:00 | Lumber Mill |
| 3:13 | Peasant |
| 3:14 | Rifleman |
| 3:23 | Rifleman |
| 3:41 | Farm |
| 4:45 | Rifleman |
| 4:46 | Keep |
| 4:50 | Arcane Vault |
| 6:00 | Rifleman |
| 6:05 | Farm |
| 6:14 | Arcane Vault |
| 6:23 | Rifleman |
| 6:41 | Scout Tower |
| 7:28 | Black Gunpowder |
| 8:22 | Peasant |
| 8:22 | Peasant |
| 8:22 | Peasant |
| 8:33 | Scroll of Regeneration |
| 8:34 | Scroll of Regeneration |
| 8:38 | Brilliance Aura |
| 8:42 | Guard Tower |
| 8:46 | Improved Masonry |
| 8:46 | Improved Lumber Harvesting |
| 8:51 | Rifleman |
| 8:56 | Advanced Lumber Harvesting |
| 9:12 | Peasant |
| 9:36 | Peasant |
| 9:41 | Scout Tower |
| 9:47 | Storm Bolt |
| 10:00 | Farm |
| 10:38 | Rifleman |
| 10:39 | Long Rifles |
| 10:42 | Farm |
| 11:24 | Rifleman |
| 11:26 | Guard Tower |
| 12:05 | Bash |
| 12:17 | Rifleman |
| 12:19 | Advanced Masonry |
| 12:20 | Studded Leather Armor |
| 12:24 | Farm |
| 12:35 | Potion of Lesser Invulnerability |
| 12:36 | Boots of Speed |
| 12:50 | Rifleman |
| 12:52 | Castle |
| 13:42 | Reinforced Leather Armor |
| 14:26 | Scroll of Regeneration |
| 14:46 | Rifleman |
| 15:24 | Summon Water Elemental |
| Right click | 655 |
| Select | 270 |
| Build/train/purchase | 74 |
| Select group | 72 |
| Assign group | 68 |
| Misc. action | 8 |
| Use ability | 8 |
| Minimap ping | 2 |
| Remove unit | 1 |

| Healing Salve | 1 | 100 |
| total: | 1 | 100g |
| Peasant | 24 | 1800 | / | 0 |
| Footman | 13 | 1755 | / | 0 |
| Knight | 4 | 980 | / | 240 |
| total: | 41 | 4535g | / | 240w |
| Scout Tower | 2 | 60 | / | 40 |
| Guard Tower | 1 | 70 | / | 50 |
| Barracks | 1 | 160 | / | 60 |
| Altar of Kings | 1 | 180 | / | 50 |
| Farm | 4 | 320 | / | 80 |
| Lumber Mill | 1 | 120 | / | 0 |
| Blacksmith | 1 | 140 | / | 60 |
| Keep | 2 | 640 | / | 420 |
| Castle | 2 | 720 | / | 420 |
| total: | 10 | 980g | / | 290w |
| 0:05 | Peasant |
| 0:05 | Peasant |
| 0:16 | Barracks |
| 0:21 | Altar of Kings |
| 0:26 | Farm |
| 0:42 | Peasant |
| 0:49 | Farm |
| 1:03 | Peasant |
| 1:20 | Footman |
| 1:38 | Footman |
| 1:38 | Footman |
| 1:50 | Peasant |
| 2:01 | Footman |
| 2:01 | Footman |
| 2:12 | Farm |
| 2:29 | Footman |
| 2:38 | Peasant |
| 2:44 | Summon Water Elemental |
| 3:29 | Healing Salve |
| 3:45 | Footman |
| 3:45 | Footman |
| 3:47 | Peasant |
| 3:55 | Scout Tower |
| 4:28 | Keep |
| 5:26 | Brilliance Aura |
| 5:30 | Footman |
| 5:30 | Footman |
| 5:42 | Lumber Mill |
| 6:08 | Scout Tower |
| 6:33 | Footman |
| 6:38 | Farm |
| 6:48 | Guard Tower |
| 6:53 | Castle |
| 7:17 | Footman |
| 7:17 | Footman |
| 9:16 | Peasant |
| 9:36 | Peasant |
| 9:51 | Summon Water Elemental |
| 9:57 | Peasant |
| 10:18 | Peasant |
| 10:18 | Peasant |
| 10:33 | Peasant |
| 11:28 | Peasant |
| 11:28 | Peasant |
| 12:04 | Peasant |
| 12:04 | Peasant |
| 12:26 | Peasant |
| 12:39 | Blacksmith |
| 12:53 | Peasant |
| 13:09 | Peasant |
| 13:18 | Peasant |
| 13:20 | Peasant |
| 13:39 | Peasant |
| 13:55 | Knight |
| 14:28 | Knight |
| 14:28 | Knight |
| 14:56 | Peasant |
| 15:21 | Knight |
| Right click | 475 |
| Select | 310 |
| Build/train/purchase | 82 |
| Resource trade | 5 |
| Use ability | 4 |
| Misc. action | 1 |
| Remove unit | 1 |

| Healing Salve | 5 | 500 |
| Lesser Clarity Potion | 1 | 70 |
| Scroll of Town Portal | 1 | 350 |
| Boots of Speed | 1 | 250 |
| total: | 8 | 1170g |
| Peon | 11 | 825 | / | 0 |
| Wind Rider | 11 | 2915 | / | 440 |
| Troll Batrider | 1 | 160 | / | 40 |
| Goblin Shredder | 3 | 1125 | / | 300 |
| total: | 26 | 5025g | / | 780w |
| Watch Tower | 4 | 440 | / | 320 |
| War Mill | 1 | 205 | / | 0 |
| Orc Burrow | 4 | 640 | / | 160 |
| Altar of Storms | 1 | 180 | / | 50 |
| Voodoo Lounge | 1 | 130 | / | 30 |
| Great Hall | 1 | 385 | / | 185 |
| Beastiary | 4 | 580 | / | 560 |
| Stronghold | 2 | 630 | / | 380 |
| Fortress | 2 | 650 | / | 380 |
| total: | 16 | 2560g | / | 1305w |
| 0:02 | Peon |
| 0:02 | Peon |
| 0:05 | War Mill |
| 0:08 | Orc Burrow |
| 0:27 | Peon |
| 0:37 | Peon |
| 0:49 | Altar of Storms |
| 0:59 | Peon |
| 1:13 | Peon |
| 1:14 | Peon |
| 1:56 | Stronghold |
| 2:06 | Voodoo Lounge |
| 2:34 | Orc Burrow |
| 2:51 | Endurance Aura |
| 3:12 | Healing Salve |
| 3:14 | Steel Ranged Weapons |
| 3:14 | Thorium Ranged Weapons |
| 4:17 | Beastiary |
| 4:18 | Beastiary |
| 4:20 | Fortress |
| 4:31 | Boots of Speed |
| 4:39 | Orc Burrow |
| 5:31 | War Stomp |
| 5:31 | War Stomp |
| 5:37 | Wind Rider |
| 5:46 | Wind Rider |
| 5:48 | Steel Armor |
| 5:49 | Thorium Armor |
| 6:27 | Wind Rider |
| 6:45 | Envenomed Spears |
| 6:52 | Wind Rider |
| 7:48 | Wind Rider |
| 8:04 | Orc Burrow |
| 8:07 | Endurance Aura |
| 8:51 | Wind Rider |
| 8:55 | Arcanite Ranged Weapons |
| 8:57 | Reinforced Defenses |
| 8:59 | Watch Tower |
| 9:26 | Wind Rider |
| 9:37 | Scroll of Town Portal |
| 9:37 | Healing Salve |
| 10:02 | War Stomp |
| 10:02 | War Stomp |
| 10:02 | War Stomp |
| 10:16 | Great Hall |
| 10:28 | Healing Salve |
| 10:40 | Wind Rider |
| 11:28 | Wind Rider |
| 12:19 | Beastiary |
| 12:23 | Endurance Aura |
| 12:39 | Lesser Clarity Potion |
| 12:42 | Healing Salve |
| 12:42 | Healing Salve |
| 12:48 | Wind Rider |
| 12:54 | Watch Tower |
| 13:03 | Peon |
| 13:03 | Peon |
| 13:03 | Peon |
| 13:04 | Peon |
| 13:18 | Goblin Shredder |
| 13:19 | Goblin Shredder |
| 13:19 | Goblin Shredder |
| 13:44 | Arcanite Armor |
| 13:59 | Watch Tower |
| 14:42 | Troll Batrider |
| 14:43 | Watch Tower |
| 14:44 | Beastiary |
| 15:14 | Wind Rider |
| Right click | 864 |
| Select group | 313 |
| Select | 250 |
| Build/train/purchase | 84 |
| Misc. action | 65 |
| Assign group | 16 |
| Use ability | 10 |
| Minimap ping | 9 |
| Esc | 3 |
| Item give/drop | 2 |
87 units @ 12.4k
/ 1.3k
40 buildings @ 6.5k
/ 1.9k

| Lesser Clarity Potion | 2 | 140 |
| Potion of Healing | 2 | 300 |
| Orb of Corruption | 1 | 375 |
| Potion of Mana | 1 | 200 |
| Sacrificial Skull | 1 | 50 |
| Scroll of Healing | 2 | 500 |
| Scroll of Town Portal | 1 | 350 |
| Scroll of Protection | 1 | 150 |
| Scroll of Speed | 2 | 100 |
| Healing Salve | 2 | 200 |
| total: | 15 | 2365g |
| Acolyte | 2 | 150 | / | 0 |
| Ghoul | 30 | 3600 | / | 0 |
| total: | 32 | 3750g | / | 0w |
| Nerubian Tower | 1 | 100 | / | 20 |
| Altar of Darkness | 1 | 180 | / | 50 |
| Ziggurat | 9 | 1350 | / | 450 |
| Crypt | 3 | 600 | / | 150 |
| Tomb of Relics | 2 | 260 | / | 60 |
| Graveyard | 1 | 215 | / | 0 |
| Halls of the Dead | 1 | 320 | / | 210 |
| Black Citadel | 1 | 325 | / | 230 |
| total: | 16 | 2605g | / | 710w |
| 0:15 | Acolyte |
| 0:15 | Acolyte |
| 0:18 | Altar of Darkness |
| 0:21 | Ziggurat |
| 1:00 | Crypt |
| 1:06 | Crypt |
| 1:41 | Ziggurat |
| 2:02 | Ghoul |
| 2:08 | Ghoul |
| 2:18 | Ghoul |
| 2:30 | Ghoul |
| 2:34 | Ziggurat |
| 2:39 | Death Coil |
| 2:41 | Ghoul |
| 2:52 | Ghoul |
| 3:17 | Ghoul |
| 3:38 | Ghoul |
| 4:17 | Halls of the Dead |
| 5:38 | Ghoul |
| 5:39 | Ghoul |
| 5:45 | Tomb of Relics |
| 5:48 | Tomb of Relics |
| 5:56 | Unholy Aura |
| 6:05 | Ghoul |
| 6:22 | Ghoul |
| 6:26 | Scroll of Speed |
| 6:27 | Healing Salve |
| 6:27 | Lesser Clarity Potion |
| 6:46 | Ghoul |
| 6:57 | Ghoul |
| 7:18 | Ghoul |
| 7:44 | Ghoul |
| 8:26 | Death Coil |
| 8:53 | Nerubian Tower |
| 9:01 | Graveyard |
| 9:30 | Ghoul |
| 9:54 | Ghoul |
| 10:08 | Black Citadel |
| 10:21 | Healing Salve |
| 10:21 | Lesser Clarity Potion |
| 10:22 | Scroll of Speed |
| 10:34 | Ghoul |
| 10:47 | Ghoul |
| 11:53 | Ghoul |
| 12:08 | Crypt |
| 12:17 | Ghoul |
| 12:35 | Ghoul Frenzy |
| 12:37 | Ghoul |
| 12:42 | Ziggurat |
| 12:52 | Unholy Strength |
| 13:00 | Ghoul |
| 13:15 | Ghoul |
| 13:26 | Unholy Armor |
| 13:30 | Ghoul |
| 13:36 | Ghoul |
| 14:02 | Ghoul |
| 14:05 | Ghoul |
| 14:15 | Potion of Healing |
| 14:44 | Scroll of Healing |
| 14:48 | Scroll of Protection |
| 15:43 | Unholy Aura |
| 16:29 | Ghoul |
| 16:31 | Improved Unholy Armor |
| 22:08 | Scroll of Healing |
| 22:09 | Orb of Corruption |
| 22:10 | Scroll of Town Portal |
| 22:11 | Potion of Healing |
| 22:13 | Potion of Mana |
| 22:23 | Sacrificial Skull |
| 22:36 | Ziggurat |
| 22:37 | Ziggurat |
| 22:38 | Ziggurat |
| 22:39 | Ziggurat |
| 22:40 | Ziggurat |
| Right click | 588 |
| Select | 307 |
| Build/train/purchase | 74 |
| Select group | 41 |
| Use ability | 21 |
| Assign group | 13 |
| Chat | 7 |
| Misc. action | 3 |
| Item give/drop | 1 |
| Remove unit | 1 |
| Minimap ping | 1 |


| Healing Salve | 1 | 100 |
| Scroll of Town Portal | 1 | 350 |
| total: | 2 | 450g |
| Peon | 6 | 450 | / | 0 |
| Troll Headhunter | 9 | 1260 | / | 180 |
| Wind Rider | 4 | 1060 | / | 160 |
| Troll Batrider | 4 | 640 | / | 160 |
| total: | 23 | 3410g | / | 500w |
| Altar of Storms | 1 | 180 | / | 50 |
| Orc Burrow | 7 | 1120 | / | 280 |
| Barracks | 2 | 360 | / | 100 |
| War Mill | 1 | 205 | / | 0 |
| Voodoo Lounge | 1 | 130 | / | 30 |
| Beastiary | 1 | 145 | / | 140 |
| Stronghold | 1 | 315 | / | 190 |
| total: | 13 | 2140g | / | 600w |
| 0:09 | Peon |
| 0:09 | Peon |
| 0:13 | Altar of Storms |
| 0:21 | Orc Burrow |
| 0:33 | Peon |
| 1:15 | Barracks |
| 1:19 | Peon |
| 1:25 | War Mill |
| 1:50 | Orc Burrow |
| 2:02 | Voodoo Lounge |
| 2:30 | Endurance Aura |
| 2:42 | Peon |
| 2:43 | Peon |
| 2:52 | Troll Headhunter |
| 3:03 | Troll Headhunter |
| 3:24 | Healing Salve |
| 3:43 | Troll Headhunter |
| 3:43 | Troll Headhunter |
| 4:04 | Stronghold |
| 4:42 | Troll Headhunter |
| 4:44 | Steel Ranged Weapons |
| 4:59 | Steel Armor |
| 5:02 | Troll Headhunter |
| 5:05 | War Stomp |
| 8:08 | Beastiary |
| 8:17 | Orc Burrow |
| 8:28 | Orc Burrow |
| 8:33 | Troll Regeneration |
| 8:34 | Troll Headhunter |
| 8:34 | Troll Headhunter |
| 8:34 | Troll Headhunter |
| 9:25 | Endurance Aura |
| 9:43 | Barracks |
| 9:54 | Orc Burrow |
| 10:11 | Wind Rider |
| 10:11 | Wind Rider |
| 10:11 | Wind Rider |
| 10:12 | Wind Rider |
| 10:16 | Thorium Ranged Weapons |
| 11:20 | Healing Wave |
| 12:13 | Orc Burrow |
| 12:15 | Thorium Armor |
| 12:33 | Troll Batrider |
| 12:33 | Troll Batrider |
| 12:33 | Troll Batrider |
| 12:35 | Troll Batrider |
| 13:15 | Orc Burrow |
| 13:29 | Reinforced Defenses |
| 14:00 | Scroll of Town Portal |
| 15:25 | Hex |
| Right click | 392 |
| Select group | 307 |
| Select | 179 |
| Build/train/purchase | 44 |
| Assign group | 35 |
| Resource trade | 12 |
| Use ability | 8 |
| Minimap ping | 2 |
| Item give/drop | 1 |


| Rod of Necromancy | 1 | 150 |
| Lesser Clarity Potion | 1 | 70 |
| Potion of Healing | 1 | 150 |
| Scroll of Town Portal | 3 | 1050 |
| Healing Salve | 2 | 200 |
| total: | 8 | 1620g |
| Acolyte | 10 | 750 | / | 0 |
| Ghoul | 2 | 240 | / | 0 |
| Crypt Fiend | 16 | 3440 | / | 640 |
| Obsidian Statue | 4 | 800 | / | 140 |
| total: | 32 | 5230g | / | 780w |
| Graveyard | 1 | 215 | / | 0 |
| Crypt | 1 | 200 | / | 50 |
| Ziggurat | 6 | 900 | / | 300 |
| Altar of Darkness | 1 | 180 | / | 50 |
| Tomb of Relics | 1 | 130 | / | 30 |
| Slaughterhouse | 1 | 140 | / | 135 |
| Halls of the Dead | 1 | 320 | / | 210 |
| Black Citadel | 1 | 325 | / | 230 |
| total: | 11 | 1765g | / | 565w |
| 0:01 | Acolyte |
| 0:09 | Graveyard |
| 0:12 | Crypt |
| 0:19 | Acolyte |
| 0:19 | Acolyte |
| 0:19 | Acolyte |
| 0:39 | Ziggurat |
| 0:58 | Altar of Darkness |
| 1:13 | Ghoul |
| 1:30 | Crypt Fiend |
| 1:30 | Crypt Fiend |
| 1:31 | Crypt Fiend |
| 1:47 | Tomb of Relics |
| 2:02 | Ziggurat |
| 2:23 | Crypt Fiend |
| 2:23 | Crypt Fiend |
| 2:23 | Crypt Fiend |
| 2:38 | Ghoul |
| 2:56 | Rod of Necromancy |
| 3:02 | Death Coil |
| 3:25 | Halls of the Dead |
| 3:43 | Crypt Fiend |
| 4:20 | Ziggurat |
| 4:38 | Unholy Aura |
| 4:40 | Crypt Fiend |
| 4:44 | Healing Salve |
| 5:51 | Slaughterhouse |
| 5:58 | Crypt Fiend |
| 6:11 | Cleaving Attack |
| 6:18 | Ziggurat |
| 7:02 | Web |
| 7:08 | Obsidian Statue |
| 7:34 | Death Coil |
| 7:58 | Howl of Terror |
| 8:11 | Crypt Fiend |
| 8:12 | Creature Attack |
| 8:13 | Obsidian Statue |
| 8:16 | Lesser Clarity Potion |
| 8:18 | Scroll of Town Portal |
| 8:20 | Healing Salve |
| 8:31 | Ziggurat |
| 9:05 | Black Citadel |
| 9:50 | Improved Creature Attack |
| 9:50 | Advanced Creature Attack |
| 10:04 | Crypt Fiend |
| 11:00 | Cleaving Attack |
| 11:24 | Unholy Aura |
| 11:30 | Destroyer Form |
| 11:31 | Obsidian Statue |
| 12:08 | Crypt Fiend |
| 12:19 | Creature Carapace |
| 12:21 | Scroll of Town Portal |
| 12:22 | Potion of Healing |
| 12:29 | Crypt Fiend |
| 12:36 | Acolyte |
| 13:13 | Crypt Fiend |
| 13:15 | Ziggurat |
| 13:32 | Acolyte |
| 13:32 | Acolyte |
| 13:32 | Acolyte |
| 13:32 | Acolyte |
| 13:32 | Acolyte |
| 13:40 | Crypt Fiend |
| 14:31 | Crypt Fiend |
| 14:32 | Improved Creature Carapace |
| 14:32 | Advanced Creature Carapace |
| 14:38 | Scroll of Town Portal |
| 15:38 | Obsidian Statue |
| Select group | 1999 |
| Right click | 496 |
| Select | 349 |
| Misc. action | 163 |
| Build/train/purchase | 86 |
| Use ability | 26 |
| Assign group | 23 |
| Chat | 11 |
| Item give/drop | 3 |
| Esc | 1 |
| Minimap ping | 1 |